|
||||||||||||||||||||||||||||||||||||||||||
| ||||||||||||||||||||||||||||||||||||||||||
| Top of the 2nd over - 0 runs, 0 hits, 0 errors, 0 left on base; Joplin 0 - Madison 0 | ||||||||||||||||||||||||||||||||||||||||||
| BOTTOM OF THE 2ND | |
|---|---|
| Madison Brewers batting - Pitching for Joplin Blasters : RHP Paul Gibbens | |
| Batting: LHB Dusty Bryant |
0-0: Called Strike 0-1: Ball 1-1: Called Strike 1-2: Ball 2-2: Foul Ball, location: 2F 2-2: SINGLE (Groundball, 34D, EV 94.4 MPH) |
| Batting: RHB Steve Errico |
0-0: Ball 1-0: Foul Ball, location: 2F 1-1: Ball 2-1: Ball 3-1: Swinging Strike Passed Ball! Dusty Bryant to second 3-2: SINGLE (Line Drive, 89S, EV 111.9 MPH) Dusty Bryant to third Runner from 3rd tries for Home, SAFE, throw by RF to home |
| Batting: RHB Manny Olave |
0-0: Ball 1-0: Ball 2-0: Swinging Strike 2-1: Fly out, F5 (Line Drive, 5, EV 61.9 MPH) |
| Batting: RHB Mohammed bin Ubaida | 0-0: 2-RUN HOME RUN (Flyball, 7D, EV 96.2 MPH), Distance : 377 ft |
| Batting: RHB Xiao-shuang Au |
0-0: Foul Ball, location: 2F 0-1: Ball 1-1: Ball 2-1: Called Strike 2-2: SOLO HOME RUN (Flyball, 89XD, EV 109.4 MPH), Distance : 429 ft |
| Batting: RHB Austin Doig | 0-0: Hit by Pitch |
| Pinch Runner at 1st Lorenzo Diaz: | |
| Batting: RHB Malcolm McCauley |
0-0: Ball 1-0: Fielders Choice at 2nd, 5-4 (Groundball, 5S, EV 86.9 MPH) |
| Batting: LHB Jesus Huante |
0-0: Ball 1-0: Ball Passed Ball! Malcolm McCauley to second 2-0: Foul Ball, location: 2F 2-1: Foul Ball, location: 2F 2-2: Strikes out swinging |
| Bottom of the 2nd over - 4 runs, 4 hits, 0 errors, 1 left on base; Joplin 0 - Madison 4 | |
| TOP OF THE 3RD | |
|---|---|
| Joplin Blasters batting - Pitching for Madison Brewers : RHP Dillon Atkinson | |
| Now at 2B: Lorenzo Diaz | |
| Batting: RHB Bobby Leon |
0-0: Called Strike 0-1: SINGLE (Line Drive, 3D, EV 97.5 MPH) |
| Batting: RHB Carlos Castillo |
0-0: Ball 1-0: Ball 2-0: Ball 3-0: Swinging Strike 3-1: Called Strike 3-2: Strikes out swinging |
| Batting: RHB Kazuki Arai |
0-0: Ball 1-0: Ball 2-0: Foul Ball, location: 2F 2-1: Called Strike 2-2: Ball 3-2: SINGLE (Line Drive, 78S, EV 103.8 MPH) Bobby Leon to second |
| Batting: RHB Mike Bearden |
0-0: Ball 1-0: Called Strike 1-1: Ball 2-1: Foul Ball, location: 2F 2-2: Foul Ball, location: 2F 2-2: Ball 3-2: Base on Balls Bobby Leon to third Kazuki Arai to second |
| Batting: RHB Mike Valdez |
0-0: Called Strike 0-1: Called Strike 0-2: Foul Ball, location: 2F 0-2: Ball 1-2: Foul Ball, location: 2F 1-2: Foul Ball, location: 2F 1-2: SINGLE (Groundball, 6MD, EV 103.8 MPH) Bobby Leon scores Kazuki Arai to third Mike Bearden to second |
| Batting: LHB Jim Haggart |
0-0: Ball 1-0: Ball 2-0: SINGLE (Groundball, 3D, EV 95.0 MPH) Kazuki Arai scores Mike Bearden to third Mike Valdez to second Runner from 3rd tries for Home, SAFE, throw by RF to home |
| Pitching: RHP Justin Marino | |
| Batting: RHB Jerry Yusko |
0-0: Called Strike 0-1: Foul Ball, location: 2F 0-2: Foul Ball, location: 2F 0-2: Fly out, F9 (Flyball, 89S, EV 85.0 MPH) |
| Batting: RHB Oscar Cisneros |
0-0: Called Strike 0-1: Ball 1-1: Ball 2-1: Fly out, F7 (Flyball, 7S, EV 87.5 MPH) |
| Top of the 3rd over - 3 runs, 4 hits, 0 errors, 2 left on base; Joplin 3 - Madison 4 | |
| BOTTOM OF THE 3RD | |
|---|---|
| Madison Brewers batting - Pitching for Joplin Blasters : RHP Paul Gibbens | |
| Batting: SHB Justin Hensley |
0-0: Ball 1-0: Fly out, F8 (Flyball, 8RD, EV 90.0 MPH) |
| Batting: LHB Dusty Bryant |
0-0: Called Strike 0-1: Ball 1-1: Swinging Strike 1-2: Strikes out swinging |
| Batting: RHB Steve Errico |
0-0: Ball 1-0: Ball 2-0: Ball 3-0: Called Strike 3-1: Base on Balls |
| Batting: RHB Manny Olave |
0-0: Ball 1-0: Called Strike 1-1: SINGLE (Flyball, 8RS, EV 94.4 MPH) Steve Errico to second |
| Batting: RHB Mohammed bin Ubaida |
0-0: Foul Ball, location: 2F 0-1: Ball 1-1: Ball 2-1: Fly out, F6 (Popup, 6, EV 60.0 MPH) |
| Bottom of the 3rd over - 0 runs, 1 hit, 0 errors, 2 left on base; Joplin 3 - Madison 4 | |
| TOP OF THE 4TH | |
|---|---|
| Joplin Blasters batting - Pitching for Madison Brewers : RHP Justin Marino | |
| Batting: RHB Ben Mills |
0-0: Ball 1-0: Called Strike 1-1: Foul Ball, location: 2F 1-2: Ball 2-2: Ball 3-2: Fly out, F8 (Flyball, 8RD, EV 92.5 MPH) |
| Batting: RHB Bobby Leon |
0-0: Ball 1-0: Swinging Strike 1-1: Ball 2-1: Fly out, F6 (Popup, 6S, EV 68.8 MPH) |
| Batting: RHB Carlos Castillo |
0-0: Ball 1-0: Foul Ball, location: 2F 1-1: Fly out, F7 (Flyball, 7LM, EV 96.2 MPH) |
| Top of the 4th over - 0 runs, 0 hits, 0 errors, 0 left on base; Joplin 3 - Madison 4 | |
| BOTTOM OF THE 4TH | |
|---|---|
| Madison Brewers batting - Pitching for Joplin Blasters : RHP Paul Gibbens | |
| Batting: RHB Xiao-shuang Au |
0-0: Ball 1-0: Foul Ball, location: 2F 1-1: Reached on error, E4 (Groundball, 4, EV 90.6 MPH) |
| Batting: RHB Lorenzo Diaz | 0-0: Fly out, F7 (Flyball, 78M, EV 82.5 MPH) |
| Batting: RHB Malcolm McCauley |
0-0: Swinging Strike 0-1: SINGLE (Groundball, 56S, EV 70.0 MPH) (infield hit) Xiao-shuang Au to third |
| Batting: LHB Jesus Huante |
0-0: Ball 1-0: Called Strike 1-1: Ball Malcolm McCauley steals 2nd base 2-1: Ball 3-1: Reached on error, E4 (Groundball, 4S, EV 91.2 MPH) Xiao-shuang Au scores Malcolm McCauley scores |
| Batting: SHB Justin Hensley |
0-0: Ball 1-0: Ball Jesus Huante is caught stealing 3rd base 2-5 2-0: SINGLE (Groundball, 4M, EV 103.1 MPH) (infield hit) |
| Pitching: LHP Bin Ya | |
| Batting: LHB Dusty Bryant |
0-0: Ball 1-0: Called Strike 1-1: Foul Ball, location: 2F 1-2: 2-RUN HOME RUN (Flyball, 9LD, EV 97.5 MPH), Distance : 354 ft |
| Batting: RHB Steve Errico |
0-0: Swinging Strike 0-1: Swinging Strike 0-2: Ball 1-2: Ball 2-2: Fly out, F7 (Flyball, 7, EV 89.4 MPH) |
| Bottom of the 4th over - 4 runs, 3 hits, 2 errors, 0 left on base; Joplin 3 - Madison 8 | |
| TOP OF THE 5TH | |
|---|---|
| Joplin Blasters batting - Pitching for Madison Brewers : RHP Justin Marino | |
| Batting: RHB Kazuki Arai |
0-0: Called Strike 0-1: SINGLE (Groundball, 4S, EV 77.5 MPH) (infield hit) |
| Batting: RHB Mike Bearden |
0-0: Ball Pickoff Throw to First - Out! 1-3 1-0: Fly out, F8 (Flyball, 8RD, EV 78.8 MPH) |
| Batting: RHB Mike Valdez | 0-0: Fly out, F8 (Line Drive, 8LD, EV 97.5 MPH) |
| Top of the 5th over - 0 runs, 1 hit, 0 errors, 0 left on base; Joplin 3 - Madison 8 | |
| BOTTOM OF THE 5TH | |
|---|---|
| Madison Brewers batting - Pitching for Joplin Blasters : LHP Bin Ya | |
| Batting: RHB Manny Olave |
0-0: Ball 1-0: Called Strike 1-1: Foul Ball, location: 2F 1-2: Strikes out looking |
| Batting: RHB Mohammed bin Ubaida |
0-0: Called Strike 0-1: Ball 1-1: Foul Ball, location: 2F 1-2: Strikes out swinging |
| Batting: RHB Xiao-shuang Au |
0-0: Foul Ball, location: 7LSF, Error on foul ball, E7 0-1: Swinging Strike 0-2: Strikes out swinging |
| Bottom of the 5th over - 0 runs, 0 hits, 1 error, 0 left on base; Joplin 3 - Madison 8 | |
| TOP OF THE 6TH | |
|---|---|
| Joplin Blasters batting - Pitching for Madison Brewers : RHP Justin Marino | |
| Batting: LHB Jim Haggart |
0-0: Foul Ball, location: 2F 0-1: Ball 1-1: Foul Ball, location: 2F 1-2: Ground out 4-3 (Groundball, 4, EV 88.8 MPH) |
| Batting: RHB Jerry Yusko | 0-0: Fly out, F4 (Popup, 4M, EV 62.5 MPH) |
| Batting: RHB Oscar Cisneros | 0-0: Ground out 4-3 (Groundball, 4, EV 81.2 MPH) |
| Top of the 6th over - 0 runs, 0 hits, 0 errors, 0 left on base; Joplin 3 - Madison 8 | |
| BOTTOM OF THE 6TH | |
|---|---|
| Madison Brewers batting - Pitching for Joplin Blasters : LHP Bin Ya | |
| Batting: RHB Lorenzo Diaz |
0-0: Ball 1-0: Ground out 6-3 (Groundball, 6, EV 93.1 MPH) |
| Batting: RHB Malcolm McCauley |
0-0: Called Strike 0-1: Foul Ball, location: 2F 0-2: Foul Ball, location: 2F 0-2: Ball 1-2: Strikes out looking |
| Batting: LHB Jesus Huante |
0-0: Ball 1-0: Foul Ball, location: 2F 1-1: Swinging Strike 1-2: Foul Ball, location: 2F 1-2: Ball 2-2: Strikes out looking |
| Bottom of the 6th over - 0 runs, 0 hits, 0 errors, 0 left on base; Joplin 3 - Madison 8 | |
| TOP OF THE 7TH | |
|---|---|
| Joplin Blasters batting - Pitching for Madison Brewers : RHP Justin Marino | |
| Batting: RHB Ben Mills |
0-0: Swinging Strike 0-1: Ball 1-1: Ball 2-1: Ball 3-1: Base on Balls |
| Batting: RHB Bobby Leon |
0-0: DOUBLE (Line Drive, 89XD, EV 104.4 MPH) Ben Mills to third |
| Batting: RHB Carlos Castillo |
0-0: DOUBLE (Line Drive, 78M, EV 95.6 MPH) Ben Mills scores Bobby Leon scores |
| Batting: RHB Kazuki Arai |
0-0: Ball 1-0: Ball 2-0: Ball 3-0: Base on Balls |
| Batting: RHB Mike Bearden |
0-0: Called Strike 0-1: Ball 1-1: Ball 2-1: Called Strike 2-2: Strikes out looking |
| Batting: RHB Mike Valdez | 0-0: Grounds into double play, 1-6-3 (Groundball, 13S, EV 68.8 MPH) |
| Top of the 7th over - 2 runs, 2 hits, 0 errors, 1 left on base; Joplin 5 - Madison 8 | |
| BOTTOM OF THE 7TH | |
|---|---|
| Madison Brewers batting - Pitching for Joplin Blasters : LHP Bin Ya | |
| Pitching: LHP Tristan Irwin | |
| Batting: SHB Justin Hensley | 0-0: Reached on error, E9 (Flyball, 89M, EV 78.1 MPH) |
| Batting: LHB Dusty Bryant |
0-0: Ball Passed Ball! Justin Hensley to second 1-0: Ball Passed Ball! Justin Hensley to third 2-0: Foul Ball, location: 2F 2-1: Foul Ball, location: 2F 2-2: Ball 3-2: Strikes out swinging |
| Batting: RHB Steve Errico | 0-0: Intentional Walk |
| Batting: RHB Manny Olave |
0-0: Called Strike 0-1: Swinging Strike 0-2: Foul Ball, location: 2F 0-2: Strikes out swinging |
| Batting: RHB Mohammed bin Ubaida |
0-0: Ball Passed Ball! Justin Hensley scores Steve Errico to second 1-0: Fly out, F4 (Line Drive, 4, EV 63.8 MPH) |
| Bottom of the 7th over - 1 run, 0 hits, 1 error, 1 left on base; Joplin 5 - Madison 9 | |
| TOP OF THE 8TH | |
|---|---|
| Joplin Blasters batting - Pitching for Madison Brewers : RHP Justin Marino | |
| Batting: LHB Jim Haggart |
0-0: Ball 1-0: Ball 2-0: Called Strike 2-1: Ball 3-1: Swinging Strike 3-2: Base on Balls |
| Batting: RHB Jerry Yusko |
0-0: Ball 1-0: Ball 2-0: Swinging Strike 2-1: Ball 3-1: Base on Balls Jim Haggart to second |
| Batting: RHB Oscar Cisneros |
0-0: Sac Bunt to 5S - play at first, batter OUT! 5-3 Jim Haggart to third Jerry Yusko to second |
| Pitching: RHP Troy Morin | |
| Batting: RHB Ben Mills |
0-0: SINGLE (Line Drive, 89M, EV 109.4 MPH) Jim Haggart scores Jerry Yusko to third |
| Batting: RHB Bobby Leon |
0-0: Called Strike 0-1: Swinging Strike 0-2: Ball 1-2: Foul Ball, location: 2F 1-2: Ball 2-2: Strikes out swinging |
| Batting: RHB Carlos Castillo |
0-0: Called Strike 0-1: Foul Ball, location: 2F 0-2: Ball 1-2: Strikes out swinging |
| Top of the 8th over - 1 run, 1 hit, 0 errors, 2 left on base; Joplin 6 - Madison 9 | |
| BOTTOM OF THE 8TH | |
|---|---|
| Madison Brewers batting - Pitching for Joplin Blasters : LHP Tristan Irwin | |
| Batting: RHB Xiao-shuang Au |
0-0: Called Strike 0-1: Hit by Pitch |
| Batting: RHB Lorenzo Diaz |
0-0: Swinging Strike 0-1: Ball Wild Pitch! Xiao-shuang Au to second 1-1: Intentional Walk |
| Batting: RHB Malcolm McCauley |
0-0: Called Strike 0-1: Ball 1-1: Swinging Strike 1-2: Foul Ball, location: 2F 1-2: Strikes out looking |
| Batting: LHB Jesus Huante |
0-0: Called Strike 0-1: Ball 1-1: Swinging Strike 1-2: Ball 2-2: Strikes out swinging |
| Batting: SHB Justin Hensley |
0-0: Ball Wild Pitch! Xiao-shuang Au to third Lorenzo Diaz to second 1-0: Ball 2-0: Ball Wild Pitch! Xiao-shuang Au scores Lorenzo Diaz to third 3-0: Base on Balls |
| Batting: LHB Dusty Bryant |
0-0: Ball 1-0: Ball 2-0: Called Strike 2-1: Called Strike 2-2: Strikes out swinging |
| Bottom of the 8th over - 1 run, 0 hits, 0 errors, 2 left on base; Joplin 6 - Madison 10 | |
| TOP OF THE 9TH | |
|---|---|
| Joplin Blasters batting - Pitching for Madison Brewers : RHP Troy Morin | |
| Batting: RHB Kazuki Arai |
0-0: Ball 1-0: Ball 2-0: Fly out, F8 (Flyball, 78M, EV 82.5 MPH) |
| Batting: RHB Mike Bearden | 0-0: Ground out 6-3 (Groundball, 6, EV 76.2 MPH) |
| Batting: RHB Mike Valdez |
0-0: Ball 1-0: Foul Ball, location: 2F 1-1: Ball 2-1: Foul Ball, location: 2F 2-2: Ball 3-2: Base on Balls |
| Batting: LHB Jim Haggart |
0-0: Called Strike 0-1: SINGLE (Groundball, 34D, EV 103.8 MPH) Mike Valdez to second |
| Batting: RHB Jerry Yusko |
0-0: Foul Ball, location: 2F 0-1: Ball 1-1: Ball 2-1: SINGLE (Line Drive, 6D, EV 97.5 MPH) Mike Valdez to third Jim Haggart to second |
| Batting: RHB Oscar Cisneros |
0-0: SINGLE (Line Drive, 8LS, EV 105.0 MPH) Mike Valdez scores Jim Haggart to third Jerry Yusko to second |
| Batting: RHB Ben Mills |
0-0: Foul Ball, location: 2F 0-1: Called Strike 0-2: Ball Wild Pitch! Jim Haggart scores Jerry Yusko to third Oscar Cisneros to second 1-2: Ball 2-2: Hit by Pitch |
| Batting: RHB Bobby Leon |
0-0: Hit by Pitch Jerry Yusko scores Oscar Cisneros to third Ben Mills to second |
| Batting: RHB Carlos Castillo |
0-0: Foul Ball, location: 2F 0-1: Called Strike 0-2: Fly out, F8 (Flyball, 8RD, EV 92.5 MPH) |
| Top of the 9th over - 3 runs, 3 hits, 0 errors, 3 left on base; Joplin 9 - Madison 10 | |

| Tuesday, September 13th , 2022 - OOTP Baseball 23.7 Build 88 |